 Dungeon Crawl Stone Soup version 0.17-a0-725-gfa8c127 (webtiles) character file.

919 miau the Ruffian (level 8, 68/68 HPs)
             Began as a Ghoul Monk on Apr 20, 2015.
             Was an Elder of Makhleb.
             Sank and fell apart
             ... in a sewer.
             The game lasted 00:45:21 (4830 turns).

miau the Ruffian (Ghoul Monk)                       Turns: 4830, Time: 00:45:21

Health: 68/68      AC:  7    Str: 15    XL:     8   Next: 9%
Magic:  7/7        EV: 15    Int:  5    God:    Makhleb [****..]
Gold:   125        SH:  0    Dex: 13    Spells: 0 memorised, 7 levels left

rFire  . . .     SeeInvis .       - Unarmed
rCold  + . .     Clarity  .     a - +1 robe
rNeg   + + +     SustAb   .     (no shield)
rPois  ∞         Gourm    .     (no helmet)
rElec  .         Spirit   .     (no cloak)
rCorr  .         Warding  .     (no gloves)
rMut   .         Stasis   .     o - +0 pair of boots "Teddidecso" {MR+} (curse)
MR     +....                    (no amulet)
Stlth  ++........               j - +3 ring of protection
                                g - ring of flight

@: rotting, somewhat resistant to hostile enchantments, unstealthy
A: rotting body, claws 1, carnivore 3, cold resistance 1, negative energy
resistance 3, slow healing 1, torment resistance, unbreathing
a: Minor Destruction, Lesser Servant of Makhleb, Major Destruction, Renounce
Religion, Evoke Flight


You were in a sewer.
You worshipped Makhleb.
Makhleb was greatly pleased with you.
You were not hungry.

You visited 2 branches of the dungeon, and saw 6 of its levels.
You also visited: Sewer.

You collected 125 gold pieces.

Inventory:

Armour
 a - a +1 robe (worn)
 o - the cursed +0 pair of boots "Teddidecso" (worn) {MR+}
   (You found it on level 4 of the Dungeon)

   It affects your resistance to hostile enchantments.
   It has a curse placed upon it.
Jewellery
 g - a ring of flight (left claw)
 j - a +3 ring of protection (right claw)
 m - an uncursed ring of teleportation
Scrolls
 c - 4 scrolls of identify
 e - a scroll of noise
 f - 3 scrolls of teleportation
 h - 6 scrolls of enchant armour
 k - a scroll of enchant weapon
 n - a scroll of remove curse
Potions
 d - a potion of heal wounds
Comestibles
 b - 5 meat rations
 i - 10 chunks of flesh


   Skills:
 + Level 5.2 Fighting
 + Level 5.9 Dodging
 + Level 4.3 Stealth
 + Level 6.7 Unarmed Combat
 + Level 0.9 Invocations


You had 7 spell levels left.
You didn't know any spells.

Dungeon Overview and Level Annotations

Branches:
Dungeon (5/15)             Temple (1/1) D:4

Altars:
Ashenzari
Cheibriados
Dithmenos
Elyvilon
Fedhas
Gozag
Kikubaaqudgha
Makhleb
Nemelex Xobeh
Okawaru
Qazlal
Ru
Sif Muna
Trog
Vehumet
Xom
Zin

Annotations:
D:4 exclusion: 4 doors, Sigmund
D:5 Dowan, Duvessa


Innate Abilities, Weirdness & Mutations

Your body is rotting away.
You thrive on raw meat.
You are immune to poison.
You have sharp fingernails.
You are carnivorous and can eat meat at any time.
Your flesh is cold resistant.
You are immune to negative energy.
You heal slowly when monsters are visible.
You are immune to unholy pain and torment.
You can survive without breathing.


Message History

The ooze hits you.
You claw the ooze!
You kill the ooze!
Makhleb accepts your kill.
You feel a little better.
Use which ability? (? or * to list)
You feel very buoyant.
You fly up into the air.
You feel somewhat more hungry.
Found a whip.
The kobold shouts!
Found a potion of heal wounds.
The kobold shouts!
The kobold shouts!
Careful!
You are starting to lose your buoyancy.
Use which ability? (? or * to list)
Okay, then.
Some of the chunks of flesh in your inventory have rotted away.
You float gracefully downwards.
You fall into the water!
You sink like a stone!
You fall apart...
You die...

............# #≈≈#
.........≈≈.# #≈≈#
....##..≈.≈≈#######≈≈#
...####..≈≈≈≈≈≈≈≈≈≈≈≈#
≈.##≈≈≈≈≈≈≈≈≈≈≈≈≈≈≈≈≈#
≈≈≈≈≈≈≈≈≈≈≈≈≈≈≈≈≈≈≈≈≈#
≈≈≈≈≈≈≈≈≈≈≈≈≈≈≈≈≈≈≈≈≈#
≈≈≈≈≈≈≈≈≈≈≈≈≈≈≈≈≈≈≈≈≈#
≈≈≈≈≈≈≈≈≈≈≈≈≈≈≈≈@≈≈≈≈#
≈≈≈≈≈≈≈≈≈≈≈≈#######≈≈#
÷≈≈≈≈.≈≈≈≈≈≈#..#.K#≈≈#
......≈≈.≈≈≈#....K#≈≈#
............+....##≈≈#
#...........#....K#≈≈#
###........##..#.!#≈≈#
#####...#### ######≈≈#
∩# ##### #≈≈#


There were no monsters in sight!

Vanquished Creatures
  A centaur (D:3)
  4 slaves (D:4)
  2 ogres (D:5)
  A scorpion (D:4)
  2 orc priests (D:4)
  3 orc wizards (D:4)
  A giant frog skeleton (D:5)
  7 adders
  5 river rats (Sewer)
  3 oozes
  2 worms
  18 orcs
  A bat skeleton (D:4)
  6 goblins
  4 hobgoblins
  6 jackals (D:4)
  3 quokkas
  6 ball pythons
  2 bats (D:1)
  4 giant cockroaches
  2 giant geckos
  4 giant newts
  9 kobolds
  23 rats
119 creatures vanquished.

Vanquished Creatures (collateral kills)
  Pikel (D:4)
1 creature vanquished.

Grand Total: 120 creatures vanquished

Notes
Turn   | Place    | Note
--------------------------------------------------------------
     0 | D:1      | miau, the Ghoul Monk, began the quest for the Orb.
     0 | D:1      | Reached XP level 1. HP: 19/19 MP: 0/0
   703 | D:1      | Reached XP level 2. HP: 26/26 MP: 1/1
   913 | D:2      | Reached XP level 3. HP: 23/31 MP: 2/2
  1470 | D:2      | Reached skill level 5 in Unarmed Combat
  1799 | D:3      | Reached XP level 4. HP: 37/40 MP: 3/3
  1858 | D:3      | Found a glowing silver altar of Zin.
  1880 | D:3      | Found an opulent altar of Gozag.
  2006 | D:3      | Noticed a centaur
  2053 | D:3      | Killed a centaur
  2053 | D:3      | Reached XP level 5. HP: 16/46 MP: 4/4
  2634 | D:4      | Reached XP level 6. HP: 53/53 MP: 5/5
  2704 | D:4      | Noticed Sigmund
  2939 | D:4      | Found a staircase to the Ecumenical Temple.
  2947 | Temple   | Entered the Ecumenical Temple
  2976 | Temple   | Became a worshipper of Makhleb the Destroyer
  2976 | Temple   | Acquired Makhleb's first power
  2976 | Temple   | Acquired Makhleb's second power
  3235 | D:4      | Found a shattered altar of Ashenzari.
  3516 | D:4      | Got a pair of pitted boots
  3522 | D:4      | Identified the cursed +0 pair of boots "Teddidecso" {MR+} (You found it on level 4 of the Dungeon)
  3553 | D:4      | Reached skill level 6 in Unarmed Combat
  3734 | D:5      | Entered Level 5 of the Dungeon
  3758 | D:5      | Noticed Pikel
  3806 | D:5      | Noticed Dowan
  3808 | D:5      | Noticed Duvessa
  4264 | D:4      | Acquired Makhleb's third power
  4269 | D:4      | Reached XP level 7. HP: 24/60 MP: 6/6
  4276 | D:4      | Killed Pikel
  4276 | D:4      | Reached skill level 5 in Fighting
  4276 | D:4      | Reached skill level 5 in Dodging
  4320 | D:5      | Found a stormy altar of Qazlal.
  4320 | D:5      | Found a snail-covered altar of Cheibriados.
  4442 | D:5      | Found a glowing drain.
  4450 | Sewer    | Entered a sewer
  4468 | Sewer    | Reached XP level 8. HP: 62/67 MP: 7/7
  4737 | Sewer    | Acquired Makhleb's fourth power
  4830 | Sewer    | Sank and fell apart

Action                   |  1- 3 |  4- 6 |  7- 9 || total
-------------------------+-------+-------+-------++-------
Melee: Unarmed           |    97 |   235 |   107 ||   439
Invok: Minor Destruction |       |     3 |       ||     3
       Lesser Servant of |       |     1 |       ||     1
 Abil: Evoke Flight      |       |       |     1 ||     1
  Use: Potion            |     3 |     1 |       ||     4
       Scroll            |     7 |     3 |       ||    10
 Stab: Sleeping          |     5 |     3 |     1 ||     9
  Eat: Chunk             |    25 |    36 |    13 ||    74
